Map: Proxima Station LE

Players

liquidthermy (uThermal)

  • Race: Terran Terran
  • League: Master
  • Spawn Location: 1:00

PtitDrogo - Winner!

  • Race: Protoss Protoss
  • League: Master
  • Spawn Location: 7:00

Event: HomeStory Cup XV

VOD

Have the link to the VOD?

Description

Time

  • Played on: July 22, 2017, 2:48 p.m.
  • Length: 15:15

All games in this series

Show
View Real Time Build Order
Export as new Build Order

liquidthermy Terran 

Build Orders: MMM Bio 

Get SALT Encoding   

  12  0:02  SCV  
  13  0:14  SCV  
  14  0:19  Supply Depot  
  14  0:26  SCV  
  15  0:40  SCV  
  15  0:41  Barracks  
  16  0:46  Refinery  
  16  0:53  SCV  
  17  1:05  SCV  
  18  1:17  SCV  
  19  1:30  Marine, Orbital Command  
  20  1:43  Command Center  
  20  1:54  Factory  
  20  1:57  SCV  
  21  2:05  Barracks Reactor  
  21  2:09  SCV  
  21  2:15  Refinery, Supply Depot  
  22  2:21  SCV  
  23  2:37  SCV  
  23  2:41  Marine x2  
  26  2:44  Starport  
  26  2:46  Widow Mine  
  26  2:49  SCV  
  29  2:51  Engineering Bay  
  29  2:59  Orbital Command  
  29  3:02  SCV  
  29  3:05  Marine  
  31  3:07  Marine  
  32  3:14  SCV  
  33  3:21  Medivac, Widow Mine  
  33  3:23  Marine  
  33  3:25  Marine  
  39  3:27  SCV  
  39  3:33  SCV  
  41  3:36  Supply Depot  
  41  3:46  Missile Turret  
  41  3:47  Marine x2  
  43  3:49  Widow Mine  
  45  3:58  SCV, Medivac  
  45  4:01  Missile Turret  
  48  4:07  Marine  
  48  4:08  Marine, SCV  
  51  4:11  SCV, Supply Depot  
  52  4:22  SCV  
  52  4:23  SCV  
  54  4:30  Command Center  
  54  4:35  Viking  
  57  4:38  SCV x2  
  57  4:40  Marine  
  57  4:41  Marine  
  60  4:45  Supply Depot  
  60  4:47  Terran Infantry Weapons Level 1  
  60  4:50  SCV x2  
  62  4:55  Supply Depot  
  62  5:07  Marine x2, Barracks  
  62  5:08  SCV  
  62  5:09  SCV  
  65  5:21  SCV x2  
  64  5:24  Marine x2  
  64  5:25  Factory Tech Lab, Starport Tech Lab  
  64  5:28  Barracks  
  67  5:33  SCV x2  
  69  5:42  Marine  
  67  5:43  Orbital Command, Refinery, Supply Depot  
  67  5:44  Refinery  
  67  5:45  SCV x2  
  67  5:49  Marine  
  70  5:51  Starport Reactor  
  70  5:55  Factory Reactor  
  70  5:57  SCV  
  70  6:00  SCV  
  72  6:06  Stimpack, Marine x2  
  72  6:09  SCV  
  75  6:12  SCV  
  76  6:22  Marine  
  76  6:24  Marauder  
  75  6:28  Barracks  
  75  6:29  SCV x2, Barracks  
  76  6:33  Orbital Command  
  76  6:36  Marine  
  76  6:37  Combat Shields  
  76  6:38  Medivac  
  77  6:43  SCV  
  77  6:44  Marine x2, Widow Mine x2  
  84  6:48  Terran Infantry Armor Level 1  
  84  6:50  SCV  
  84  6:51  Supply Depot  
  84  6:52  Marauder  
  84  6:54  Marine  
  88  6:55  SCV  
  88  7:00  Missile Turret  
  88  7:01  Medivac  
  91  7:04  Marine, Supply Depot  
  91  7:05  SCV x2  
  91  7:08  Medivac  
  94  7:11  Supply Depot  
  94  7:12  Marauder, SCV  
  94  7:13  Widow Mine x2  
  103  7:16  Barracks Tech Lab  
  103  7:17  Barracks Reactor  
  103  7:18  Marine  
  103  7:19  Marauder  
  103  7:20  SCV  
  107  7:26  Supply Depot  
  107  7:27  Supply Depot  
  107  7:29  Supply Depot  
  107  7:33  Missile Turret  
  107  7:34  Marine, SCV, Missile Turret  
  107  7:35  Marauder  
  107  7:36  Missile Turret  
  111  7:40  Marine  
  111  7:41  Marauder  
  111  7:42  Medivac  
  116  7:48  Supply Depot  
  116  7:49  Supply Depot  
  116  7:51  Armory  
  116  7:53  Engineering Bay  
  116  7:55  Marine x2, Supply Depot  
  116  7:56  Marauder  
  116  7:57  Concussive Shells  
  120  8:00  Widow Mine x2  
  120  8:02  Medivac  
  126  8:06  Marine x2  
  126  8:07  Marauder  
  126  8:11  Marine  
  131  8:13  Marine, Medivac  
  131  8:17  Marauder  
  136  8:20  Marine  
  136  8:25  Marine, Barracks  
  136  8:26  Barracks, Ghost Academy  
  138  8:28  Marauder, Barracks  
  138  8:32  Marauder, Marine  
  143  8:39  Marauder, Marine  
  145  8:47  Marine  
  138  8:48  Medivac  
  138  8:49  Medivac  
  138  8:50  Marauder, Marine  
  138  8:51  Terran Infantry Armor Level 2, Terran Infantry Weapons Level 2  
  143  8:56  Ghost  
  145  9:08  Supply Depot  
  145  9:09  Marauder, Marine x2, Supply Depot x2  
  149  9:10  Marine x2  
  149  9:13  Barracks Tech Lab  
  149  9:14  Barracks Tech Lab  
  151  9:19  Marine  
  151  9:20  Marauder  
  151  9:22  Widow Mine x2  
  158  9:25  Medivac  
  158  9:28  Medivac  
  162  9:33  Marine  
  162  9:34  Marauder x2  
  162  9:36  Marine x2  
  157  9:48  Marine  
  157  9:49  Marauder  
  157  9:51  Marauder, Marine  
  163  9:56  Marine  
  163  9:57  Marauder, Marine  
  163  9:58  Marauder  
  148  10:00  Marauder, Marine  
  121  10:07  Medivac x2  
  121  10:08  Marine x2  
  121  10:10  Marauder  
  121  10:12  Marine, Widow Mine x2  
  126  10:14  Marine  
  114  10:34  Marauder, Marine x2  
  114  10:35  Marauder, Marine  
  98  10:36  Marauder  
  98  10:40  Marine x2  
  98  10:41  Marauder x2  
  86  10:51  Marine  
  86  10:52  Marine  
  86  10:54  Medivac  
  86  10:55  Marine  
  86  10:56  Marine x2  
  87  10:57  Marine  
  88  11:04  Marine  
  88  11:06  Marine  
  92  11:15  Medivac  
  92  11:16  Marine  
  95  11:19  Marine x2  
  95  11:20  Marauder  
  95  11:24  Marine  
  95  11:25  Marauder, Marine, Sensor Tower  
  101  11:28  Marauder, Marine  
  104  11:36  Marine  
  104  11:37  Marauder  
  107  11:40  Marine x2, Medivac  
  107  11:41  Marauder  
  107  11:44  Marine  
  107  11:45  Medivac  
  107  11:46  Marauder, Marine  
  121  11:47  Marauder  
  121  11:49  Marine  
  121  11:53  Widow Mine  
  121  11:54  Marine, Widow Mine  
  122  11:58  Marine x3  
  130  12:02  Marauder, Terran Infantry Weapons Level 3  
  130  12:03  Marine  
  130  12:06  Marine  
  130  12:07  Marauder  
  136  12:10  Marine  
  136  12:11  Marauder  
  136  12:12  Marine  
  140  12:16  Marauder  
  140  12:17  Medivac  
  140  12:18  Medivac  
  140  12:21  Marine  
  147  12:24  Marauder  
  147  12:27  Marine  
  147  12:28  Marauder  
  148  12:30  Marine x2  
  148  12:31  Marine  
  145  12:40  Marine  
  148  12:47  Marine, Medivac  
  150  12:55  Ghost x2  
  150  12:57  Marine x2  
  151  13:00  Medivac  
  153  13:12  Marauder x2, Marine x2  
  159  13:14  Marauder  
  161  13:20  Marine  
  161  13:21  Marine x2  
  161  13:24  Marauder, Marine  
  165  13:29  Marine  
  166  13:34  Marine  
  166  13:35  Marauder  
  166  13:39  Marine  
  166  13:40  Marauder, Orbital Command  
  172  13:41  Marine  
  172  13:42  Marauder  
  172  13:48  Marauder, Marine x2  
  178  13:50  Marine  
  178  13:53  Marine  
  181  13:56  Marine  
  181  13:59  Marine x2  
  184  14:08  Marine  
  184  14:09  Marauder  
  187  14:15  Marine  
  187  14:16  Marauder x2  
  192  14:26  Marine  
  192  14:27  Marauder  
  192  14:28  Marine  
  196  14:32  Marine  
  197  14:47  Marine x2  
  197  14:48  Marauder x3, Marine  
  197  14:50  Marine  
  197  14:51  Marauder  
  196  14:55  Marine  
Show
View Real Time Build Order
Export as new Build Order

PtitDrogo Protoss - Winner!

Build Orders: 1 Gate Expand, Oracle Opening 

Get SALT Encoding   

  12  0:00  Probe (Chrono Boost)  
  13  0:11  Probe (Chrono Boost)  
  14  0:17  Pylon  
  14  0:22  Probe (Chrono Boost)  
  15  0:35  Probe (Chrono Boost)  
  16  0:36  Gateway  
  16  0:45  Probe (Chrono Boost)  
  16  0:47  Assimilator  
  17  0:56  Probe (Chrono Boost)  
  18  1:06  Probe (Chrono Boost)  
  19  1:21  Nexus  
  19  1:24  Probe (Chrono Boost)  
  20  1:32  Cybernetics Core  
  20  1:37  Probe (Chrono Boost)  
  21  1:43  Assimilator  
  21  1:47  Probe (Chrono Boost)  
  22  1:54  Pylon  
  22  1:58  Probe (Chrono Boost)  
  23  2:09  Warp Gate  
  23  2:12  Probe  
  23  2:13  Adept (Chrono Boost)  
  26  2:24  Probe  
  27  2:30  Stargate  
  27  2:32  Probe  
  27  2:36  Adept (Chrono Boost)  
  27  2:37  Probe  
  31  2:42  Probe  
  32  2:49  Probe  
  33  2:53  Probe (Chrono Boost)  
  34  3:00  Adept (Chrono Boost)  
  34  3:01  Probe (Chrono Boost)  
  34  3:05  Probe (Chrono Boost)  
  38  3:12  Probe (Chrono Boost)  
  39  3:13  Oracle (Chrono Boost)  
  39  3:14  Probe  
  39  3:17  Pylon  
  43  3:23  Probe  
  43  3:24  Probe  
  45  3:35  Probe x2  
  45  3:36  Gateway x2  
  47  3:45  Probe, Oracle (Chrono Boost)  
  47  3:47  Probe  
  52  3:56  Probe  
  52  3:58  Pylon  
  52  4:00  Probe  
  54  4:07  Nexus  
  54  4:14  Probe  
  54  4:16  Probe, Stalker  
  58  4:17  Pylon  
  58  4:26  Mothership Core (Chrono Boost), Assimilator  
  58  4:28  Probe (Chrono Boost), Assimilator  
  58  4:29  Pylon  
  61  4:40  Probe (Chrono Boost)  
  62  4:46  Probe (Chrono Boost)  
  62  4:50  Probe (Chrono Boost)  
  62  4:51  Forge, Twilight Council  
  64  4:57  Probe (Chrono Boost)  
  65  5:01  Probe (Chrono Boost), Sentry x2  
  65  5:06  Gateway  
  70  5:07  Probe (Chrono Boost), Gateway  
  70  5:12  Probe (Chrono Boost)  
  70  5:14  Stalker  
  74  5:18  Probe (Chrono Boost)  
  66  5:22  Probe (Chrono Boost)  
  66  5:24  Stalker  
  66  5:27  Probe (Chrono Boost)  
  71  5:28  Probe (Chrono Boost)  
  71  5:33  Probe (Chrono Boost), Protoss Ground Weapons Level 1  
  72  5:38  Probe (Chrono Boost)  
  72  5:39  Probe (Chrono Boost)  
  72  5:40  Phoenix  
  76  5:44  Probe (Chrono Boost)  
  77  5:58  Probe x2  
  77  5:59  Probe  
  80  6:10  Probe x2  
  82  6:11  Probe  
  82  6:12  Stalker x3  
  89  6:22  Probe x3  
  92  6:35  Probe  
  92  6:39  Gateway x2  
  93  6:40  Photon Cannon  
  93  6:42  Blink (Chrono Boost), Gateway  
  93  6:47  Gateway  
  93  6:48  Pylon  
  93  6:49  Gateway  
  93  6:50  Photon Cannon  
  93  6:56  Robotics Facility  
  93  6:58  Pylon  
  93  7:04  Probe  
  93  7:06  Probe x2, Assimilator  
  93  7:07  Assimilator  
  96  7:11  Stalker x2  
  96  7:13  Pylon  
  100  7:16  Pylon, Sentry  
  100  7:19  Probe  
  100  7:20  Probe  
  100  7:21  Probe  
  105  7:24  Protoss Ground Armor Level 1 (Chrono Boost), Pylon  
  105  7:32  Forge, Pylon  
  105  7:40  Pylon x2  
  105  7:50  Observer (Chrono Boost)  
  106  7:53  Robotics Bay  
  106  7:55  Pylon, Protoss Ground Weapons Level 2 (Chrono Boost)  
  106  7:58  Robotics Facility  
  106  8:03  Probe x2  
  108  8:13  Immortal  
  112  8:28  Adept x2  
  112  8:29  Adept x6  
  112  8:31  Resonating Glaives  
  124  8:49  Stalker x4  
  124  8:50  Stalker x4  
  124  8:54  Colossus (Chrono Boost)  
  124  8:55  Colossus (Chrono Boost)  
  152  8:58  Extended Thermal Lance  
  152  9:05  Nexus  
  152  9:14  Pylon  
  152  9:16  Protoss Ground Armor Level 2  
  150  9:18  Pylon  
  150  9:37  Probe  
  141  9:42  Stalker x3, Colossus x2 (Chrono Boost)  
  159  9:56  Adept  
  159  9:57  Adept x3  
  159  9:58  Stalker  
  154  10:11  Probe x2  
  154  10:13  Protoss Ground Weapons Level 3 (Chrono Boost)  
  156  10:20  Adept x2  
  156  10:21  Adept x2  
  164  10:23  Probe  
  161  10:29  Warp Prism (Chrono Boost), Colossus (Chrono Boost)  
  127  11:00  Colossus (Chrono Boost)  
  133  11:05  Probe  
  133  11:06  Probe  
  133  11:07  Probe x2  
  133  11:09  Photon Cannon  
  137  11:12  Assimilator  
  137  11:16  Stalker x8  
  137  11:17  Assimilator  
  153  11:22  Probe, Pylon  
  153  11:23  Observer (Chrono Boost)  
  154  11:41  Probe  
  154  11:43  Probe x2  
  154  11:46  Stalker x2  
  154  11:47  Stalker x5  
  165  11:49  Probe  
  172  11:56  Probe  
  173  12:01  Templar Archives  
  173  12:07  Probe  
  173  12:11  Probe x2  
  173  12:13  Photon Cannon  
  173  12:15  Pylon  
  176  12:17  Probe  
  176  12:21  Protoss Ground Armor Level 3 (Chrono Boost)  
  177  12:24  Adept x2  
  177  12:25  Adept  
  177  12:28  Probe  
  175  12:34  Adept x3  
  175  12:39  Probe  
  169  12:44  Stalker x3  
  169  12:45  Protoss Shields Level 1 (Chrono Boost)  
  175  12:56  Gateway  
  175  12:57  Gateway  
  175  13:00  Gateway  
  175  13:03  Dark Shrine  
  175  13:05  Colossus  
  175  13:07  Immortal  
  180  13:26  Photon Cannon  
  178  13:28  Adept x2  
  178  13:29  Adept x3  
  188  13:34  Photon Cannon  
  188  13:36  Adept x2  
  190  13:49  Photon Cannon  
  190  13:56  Stalker x5  
  200  14:12  High Templar  
  200  14:15  High Templar  
  200  14:19  Archon  
  194  14:50  Adept x3  
  200  14:58  Adept x5  
Tags
 
Add a new tag
Caveats
  • Supply blocks, unpowered buildings, or Contaminate may cause inaccurate times.
  • Supply counts are checked every 10 seconds.